 Dungeon Crawl Stone Soup version 0.18-a0-1354-gbc5753f (webtiles) character file.

467 gorblad the Ducker (level 6, -3/55 HPs)
             Began as a Troll Ice Elementalist on Feb 20, 2016.
             Slain by a water moccasin (4 damage)
             ... on level 4 of the Dungeon.
             The game lasted 00:07:51 (2680 turns).

gorblad the Ducker (Troll Ice Elementalist)         Turns: 2680, Time: 00:07:51

Health: -3/55      AC:  5    Str: 17    XL:     6   Next: 81%
Magic:  4/8        EV: 11    Int: 13    God:
Gold:   132        SH:  3    Dex: 10    Spells: 3 memorised, 3 levels left

rFire  . . .     SeeInvis .       - Unarmed
rCold  . . .     Gourm    +     a - +0 robe
rNeg   . . .     Faith    .     (no shield)
rPois  .         Spirit   .     (helmet restricted)
rElec  .         Dismiss  .     (no cloak)
rCorr  .         Reflect  +     (gloves unavailable)
SustAt .         Harm     .     (boots unavailable)
MR     .....                    l - +3 amulet of reflection
Stlth  +.........               (no ring)
                                (no ring)

@: lethally poisoned (-3 -> -11), not resistant to hostile enchantments, very
unstealthy
A: unfitting armour, claws 3, fast metabolism 3, gourmand, regeneration 2,
shaggy fur 1, tough skin 2
a: no special abilities


You were on level 4 of the Dungeon.
You were completely stuffed.

You visited 1 branch of the dungeon, and saw 4 of its levels.
You also visited: Sewer.

You collected 132 gold pieces.

Inventory:

Hand Weapons
 s - a +1 long sword of draining
Armour
 a - a +0 robe (worn)
Jewellery
 d - an uncursed amulet of rage
 i - an uncursed ring of protection from cold {unknown}
 l - a +3 amulet of reflection (around neck)
Scrolls
 j - 2 scrolls of enchant weapon
 m - a scroll of teleportation
 q - a scroll of fog
 t - a scroll of recharging {unknown}
Potions
 e - a potion of might {unknown}
 h - a potion of curing {unknown}
 k - 2 potions of haste
 o - 2 potions of flight {unknown}
 p - a potion of heal wounds {unknown}
Books
 b - a book of Frost

   Spells                             Type                      Level
   a - Freeze                         Ice                          1
   b - Throw Frost                    Conjuration/Ice              2
   c - Ozocubu's Armour               Charms/Ice                   3
   d - Throw Icicle                   Conjuration/Ice              4
   e - Summon Ice Beast               Ice/Summoning                4
Comestibles
 c - 3 bread rations
 f - 4 fruits
 g - a slice of pizza
 n - a meat ration
 r - 8 chunks of flesh


   Skills:
 + Level 1.4 Fighting
 + Level 4.1 Dodging
 + Level 1.3 Stealth
 + Level 2.1 Unarmed Combat
 + Level 2.2 Spellcasting
 + Level 0.6 Conjurations
 + Level 3.1 Ice Magic


You had 3 spell levels left.
You knew the following spells:

 Your Spells              Type           Power        Failure   Level  Hunger
a - Freeze                Ice            #...         10%         1    ##.....
b - Throw Frost           Conj/Ice       #.....       21%         2    ###....
c - Ozocubu's Armour      Chrm/Ice       #.......     38%         3    ####...


Dungeon Overview and Level Annotations

Branches:
Dungeon (4/15)
 Temple: D:4-7

Altars:
Ashenzari
Okawaru
Pakellas

Shops:
D:4 *


Innate Abilities, Weirdness & Mutations

You are too large for most types of armour.
You have claws for hands.
Your metabolism is lightning-fast.
You like to eat raw meat.
You heal very quickly.
You are covered in fur (AC +1).
You have very tough skin (AC +2).


Message History

The water moccasin is almost dead.
You feel sick. The adder misses you. The worker ant bites you.
* * * LOW HITPOINT WARNING * * *
The adder bites you but does no damage. The water moccasin barely misses you.
The worker ant barely misses you.
Casting: Freeze
Confirm with . or Enter, or press ? or * to list all spells.
Aiming: Freeze
Press: ? - help, Shift-Dir - straight line, f/p - water moccasin
Aim: a water moccasin (almost dead, slow)
You freeze the water moccasin.
The water moccasin seems to slow down.
The water moccasin is almost dead.
* * * LOW HITPOINT WARNING * * *
You feel sick. The adder bites you.
* * * LOW HITPOINT WARNING * * *
You are more poisoned.
The adder poisons you!
The worker ant bites you but does no damage.
The water moccasin bites you.
You die...

##+## #...# #.∩.#
#SS.# ###@######
####...a......
##....####..###
####..#### ..#
##.......# .#
..###........##.
#
.................
#...##........###
..# #.......##


You could see a water moccasin, a worker ant and an adder.

Vanquished Creatures
  Purgy (Sewer)
  The ghost of gorblad the Ducker, an amateur DrGl (D:3)
  Blork the orc (D:4)
  4 gnolls (D:4)
  9 adders
  6 worms
  3 giant geckos (D:3)
  7 orcs
  5 ball pythons
  4 giant cockroaches
  5 hobgoblins
  7 jackals
  A quokka (D:4)
  10 bats
  4 giant newts
  10 goblins
  5 kobolds
  7 rats
90 creatures vanquished.

Notes
Turn   | Place    | Note
--------------------------------------------------------------
     0 | D:1      | gorblad the Troll Ice Elementalist began the quest for the Orb.
     0 | D:1      | Reached XP level 1. HP: 16/16 MP: 1/1
   307 | D:1      | Reached XP level 2. HP: 19/24 MP: 0/3
   928 | D:1      | Learned a level 2 spell: Throw Frost
   967 | D:2      | Reached XP level 3. HP: 27/31 MP: 4/4
  1373 | D:2      | Reached XP level 4. HP: 40/40 MP: 5/5
  1464 | D:2      | Found an iron altar of Okawaru.
  1625 | D:3      | Found an oddly glowing altar of Pakellas.
  1698 | D:3      | Reached skill level 1 in Unarmed Combat
  1734 | D:3      | Found a shattered altar of Ashenzari.
  1954 | D:3      | Reached XP level 5. HP: 44/46 MP: 6/6
  1971 | D:3      | Found a glowing drain.
  1991 | Sewer    | Entered a sewer
  2028 | Sewer    | Noticed Purgy
  2054 | Sewer    | HP: 2/46 [Purgy (3)]
  2056 | Sewer    | Killed Purgy
  2056 | Sewer    | Reached skill level 1 in Fighting
  2056 | Sewer    | Reached skill level 3 in Dodging
  2338 | D:3      | Noticed gorblad's ghost (amateur DrGl)
  2364 | D:3      | Killed gorblad's ghost
  2364 | D:3      | Reached XP level 6. HP: 26/55 MP: 6/8
  2510 | D:3      | Learned a level 3 spell: Ozocubu's Armour
  2593 | D:4      | Noticed Blork the orc
  2601 | D:4      | Killed Blork the orc
  2601 | D:4      | Reached skill level 4 in Dodging
  2664 | D:4      | Found Eshres's Serpentskin Sales.
  2664 | D:4      | Noticed a water moccasin
  2680 | D:4      | HP: 1/55 [adder (4)]
  2680 | D:4      | Slain by a water moccasin

Vault maps used:
D:1:      minmay_arrival_shattered_statue, minmay_cut_off
D:2:      kennysheep_big_flooded_room, nicolae_overflow_crystal_walls,
          st_stairs_7, lemuel_old_faithful
D:3:      lemuel_doored_altar, lemuel_round_altar, gup_sewer_entry_bubbles
D:4:      overflow_temple_1_default, first_bread,
          eino_small_chamber_without_monster, guppyfry_shop_venom,
          uniq_blork_the_orc
Sewer:    sewer_co_purgy_island

Action                   |  1- 3 |  4- 6 || total
-------------------------+-------+-------++-------
Melee: Unarmed           |   132 |   191 ||   323
 Cast: Freeze            |    12 |    12 ||    24
  Use: Scroll            |     3 |     6 ||     9
 Stab: Sleeping          |       |     1 ||     1
  Eat: Chunk             |    19 |    13 ||    32
